Map: Winter Madness LE

Players

AMCHOLDER - Winner!

  • Race: Zerg Zerg
  • League: Diamond
  • Spawn Location: 11:00

kpvn

  • Race: Zerg Zerg
  • League: Master
  • Spawn Location: 5:00

VOD

Have the link to the VOD?

Description

Time

  • Played on: Dec. 27, 2025, 9:48 a.m.
  • Length: 8:29
Show
View Real Time Build Order
Export as new Build Order

AMCHOLDER Zerg - Winner!

Build Orders: Hatch First 

Get SALT Encoding   

  12  0:00  Drone  
  13  0:08  Drone  
  14  0:15  Extractor  
  14  0:16  Drone  
  15  0:23  Overlord  
  15  0:44  Hatchery  
  15  0:45  Drone  
  15  0:49  Drone  
  16  0:53  Drone  
  17  0:57  Drone  
  18  1:07  Extractor  
  17  1:12  Spawning Pool  
  17  1:15  Drone  
  17  1:19  Drone  
  18  1:29  Drone  
  19  1:59  Queen x2  
  19  2:00  Zergling x4  
  25  2:02  Overlord  
  25  2:03  Drone  
  25  2:07  Drone  
  27  2:13  Metabolic Boost  
  27  2:14  Drone  
  28  2:30  Hatchery  
  28  2:35  Drone x2  
  29  2:40  Drone x2  
  29  2:43  Drone  
  32  2:47  Overlord  
  32  2:52  Overlord  
  32  3:02  Overlord  
  32  3:10  Drone x4  
  32  3:11  Drone x2  
  38  3:16  Baneling Nest  
  37  3:20  Drone x2  
  37  3:25  Drone x2  
  41  3:32  Queen  
  43  3:35  Drone x2  
  43  3:40  Overlord  
  45  3:45  Roach Warren  
  44  3:52  Drone x3  
  44  3:53  Zergling x2  
  44  3:54  Zergling x2  
  49  3:56  Zergling x2  
  49  4:00  Extractor  
  49  4:02  Zergling x6  
  50  4:11  Zergling x2  
  50  4:12  Zergling x10  
  50  4:14  Baneling x2  
  56  4:19  Zergling x10  
  52  4:33  Drone  
  52  4:34  Drone x2  
  55  4:43  Zergling x6  
  56  4:46  Baneling x2  
  56  4:47  Queen  
  56  4:51  Lair  
  58  4:54  Drone x2  
  58  4:57  Drone  
  58  4:58  Drone  
  62  5:08  Zergling x2  
  62  5:09  Zergling x6  
  62  5:12  Overlord x2  
  66  5:19  Baneling x3  
  66  5:20  Baneling  
  65  5:30  Zergling x18  
  65  5:31  Zergling x2  
  71  5:45  Zergling x2  
  71  5:46  Zergling x10  
  75  5:54  Glial Reconstitution  
  75  5:56  Drone  
  75  6:00  Overlord x2  
  75  6:01  Baneling  
  75  6:02  Baneling x2  
  75  6:07  Baneling  
  68  6:20  Zergling x16  
  76  6:27  Extractor, Drone  
  76  6:28  Drone x2  
  76  6:32  Overlord x3  
  77  6:42  Roach  
  77  6:43  Roach x5  
  77  6:58  Roach x11  
  94  7:07  Drone x2  
  96  7:09  Zergling x2  
  96  7:10  Zergling x2  
  96  7:15  Baneling x3  
  98  7:16  Zergling x2  
  99  7:27  Baneling  
  99  7:32  Roach x5  
  99  7:36  Zergling x18  
  118  7:45  Baneling  
  118  7:49  Zergling x6  
  107  8:00  Roach x4  
  113  8:12  Zergling x2  
  121  8:26  Spore Crawler  
  120  8:28  Spore Crawler x2  
Show
View Real Time Build Order
Export as new Build Order

kpvn Zerg 

Build Orders: Hatch First, Zergling Baneling 

Get SALT Encoding   

  12  0:00  Drone  
  13  0:07  Drone  
  14  0:14  Extractor  
  14  0:15  Drone  
  15  0:21  Overlord  
  15  0:43  Hatchery  
  15  0:45  Drone  
  15  0:49  Drone  
  16  0:52  Drone  
  16  0:56  Drone  
  18  1:05  Extractor  
  18  1:09  Drone  
  18  1:14  Spawning Pool  
  17  1:23  Drone  
  18  1:28  Drone  
  19  1:43  Drone  
  20  1:59  Drone  
  21  2:01  Queen x2  
  21  2:03  Drone  
  21  2:06  Zergling x2  
  27  2:13  Overlord  
  27  2:16  Metabolic Boost  
  27  2:29  Hatchery  
  26  2:34  Drone  
  26  2:35  Drone x2  
  29  2:39  Baneling Nest  
  28  2:52  Drone x3  
  28  2:56  Zergling x4  
  33  2:59  Overlord  
  33  3:06  Drone  
  33  3:09  Drone  
  34  3:25  Zergling x2  
  34  3:26  Zergling x2  
  34  3:27  Zergling x8  
  40  3:31  Overlord  
  40  3:37  Zergling x2  
  40  3:38  Baneling x3  
  40  3:39  Baneling  
  41  3:43  Queen  
  41  3:44  Zergling x4  
  45  3:49  Zergling x2  
  45  3:55  Zergling x4  
  48  4:04  Zergling x6  
  48  4:05  Zergling x8  
  48  4:06  Zergling x2  
  56  4:11  Drone  
  56  4:12  Lair  
  41  4:46  Drone x7  
  41  4:48  Extractor, Zergling x2  
  41  4:49  Extractor, Zergling x8  
  41  4:52  Extractor  
  50  4:58  Baneling  
  50  4:59  Baneling x4  
  50  5:03  Zergling x8  
  54  5:08  Drone x2  
  56  5:16  Drone  
  56  5:19  Overlord x2  
  50  5:51  Drone x8  
  50  5:52  Overlord x3  
  50  5:55  Spire  
  50  5:56  Drone x3  
  60  5:57  Drone  
  60  5:58  Drone x3  
  60  6:01  Overlord  
  58  6:20  Zergling x2  
  58  6:21  Zergling x2  
  58  6:22  Zergling x10  
  65  6:25  Baneling  
  65  6:26  Baneling x7  
  65  6:33  Zergling x10  
  65  6:34  Zergling x2  
  70  6:47  Spire  
  65  7:16  Evolution Chamber  
  65  7:17  Hatchery  
  61  7:28  Zergling x2  
  61  7:29  Zergling x2  
  66  7:30  Zergling x18  
  65  7:53  Mutalisk  
  65  7:54  Mutalisk x4  
  66  7:59  Mutalisk  
  66  8:00  Mutalisk x3  
  66  8:01  Mutalisk x3  
Tags
 
Add a new tag
Caveats
  • Supply blocks, unpowered buildings, or Contaminate may cause inaccurate times.
  • Supply counts are checked every 10 seconds.